 Dungeon Crawl Stone Soup version 0.31-a0-859-g9dce7d3444 (webtiles) character file.

Game seed: 1567181596412363704

1493 heikuro the Shield-Bearer (level 9, -10/69 HPs)
             Began as a Formicid Fighter on Oct 9, 2023.
             Was an Elder of Cheibriados.
             Mangled by an orc warrior
             ... wielding a +0 dire flail
              (15 damage)
             ... on level 7 of the Dungeon.
             The game lasted 00:17:07 (5416 turns).

heikuro the Shield-Bearer (Formicid Fighter)        Turns: 5416, Time: 00:17:07

Health: -10/69     AC: 10    Str: 39    XL:     9   Next: 8%
Magic:  12/12      EV: 15    Int: 17    God:    Cheibriados [****..]
Gold:   284        SH:  7    Dex: 22    Spells: 8/8 levels left

rFire   x . .        a - +0 war axe
rCold   . . .        c - +0 buckler
rNeg    . . .        b - +0 scale mail
rPois   +            (helmet unavailable)
rElec   .            (no cloak)
rCorr   .            (no gloves)
SInv    +            s - +2 pair of boots
Will    .....        (no amulet) Stlth
                     i - +5 ring of evasion
HPRegen 0.31/turn    m - ring "Xicyvah" {rPois rF- Str+5}
MPRegen 0.13/turn

%: no passive effects
@: very slow
A: permanent stasis, dig shafts and tunnels, antennae 3, four strong arms
a: Dig, Shaft Self, Renounce Religion, Bend Time, Temporal Distortion, Slouch


You were on level 7 of the Dungeon.
You worshipped Cheibriados.
Cheibriados was greatly pleased with you.
You visited 2 branches of the dungeon, and saw 8 of its levels.

You collected 284 gold pieces.

Inventory:

Hand Weapons
 a - a +0 war axe (weapon)
Missiles
 f - 12 poisoned darts (quivered)
Armour
 b - a +0 scale mail (worn)
 c - a +0 buckler (worn)
 s - a +2 pair of boots (worn)
Jewellery
 i - a +5 ring of evasion (left hand)
 m - the ring "Xicyvah" (right hand) {rPois rF- Str+5}
   (You found it on level 2 of the Dungeon)

   [ring of poison resistance]

   Str+5:     It affects your strength (+5).
   rF-:       It makes you vulnerable to fire.
   rPois:     It protects you from poison
 n - a ring of poison resistance
Scrolls
 g - a scroll of enchant armour {unknown}
 h - a scroll of brand weapon {unknown}
 p - a scroll of enchant weapon {unknown}
 q - a scroll of immolation {unknown}
 t - 2 scrolls of vulnerability {unknown}
 u - a scroll of fear {unknown}
Potions
 d - 4 potions of might
 e - a potion of lignification
 j - 4 potions of curing
 k - a potion of ambrosia
 l - 2 potions of magic
 o - 3 potions of attraction {unknown}
 r - a potion of enlightenment


   Skills:
 + Level 5.8 Fighting
 * Level 6.5 Axes
 + Level 5.9 Armour
 + Level 6.9 Shields
 + Level 4.4 Invocations


You had 8 spell levels left.
You didn't know any spells.
Your spell library contained the following spells:

 Spells                   Type           Power      Damage    Failure   Level
 Apportation              Tloc           0%         N/A       41%         1
 Jinxbite                 Hex            0%         N/A       54%         2
 Stone Arrow              Conj/Erth      0%         3d7       78%         3
 Summon Lightning Spire   Summ/Air       0%         N/A       99%         4
 Alistair's Intoxication  Tmut/Pois      0%         N/A       100%        5
 Lehudib's Crystal Spear  Conj/Erth      0%         10d2      100%        8


Dungeon Overview and Level Annotations

Branches:
Dungeon (7/15)             Temple (1/1) D:6

Altars:
Ashenzari
Cheibriados
Elyvilon
Fedhas
Gozag
Hepliaklqana
Kikubaaqudgha
Makhleb
Nemelex Xobeh
Okawaru
Qazlal
Ru
Sif Muna
Trog
Uskayaw
Vehumet
Wu Jian
Xom
Yredelemnul
Zin
The Shining One


Innate Abilities, Weirdness & Mutations

You cannot be hasted, slowed, berserked, paralysed or teleported.
You can dig through walls and to a lower floor.
You have a pair of large antennae on your head. (SInv)
Your four strong arms can wield two-handed weapons with a shield.


Message History

You kill the jelly!
Cheibriados appreciates the change of pace.
You barely miss the orc. You block the orc's attack. x2
The centaur misses you. The centaur barely misses you.
You have reached level 9!
Your experience leads to an increase in your attributes!
Your base attributes are Str 23, Int 8, Dex 13.
Increase (S)trength, (I)ntelligence, or (D)exterity?
You feel stronger. x2
You slash the centaur!
You kill the centaur!
Cheibriados thoroughly appreciates the change of pace.
You slash the orc!
You kill the orc!
Cheibriados appreciates the change of pace.
You slash the orc!
You kill the orc!
Cheibriados appreciates the change of pace.
The orc warrior shoots an arrow.
You block the arrow.
Found a stone staircase leading down.
The orc warrior unwields a +0 orcbow.
The orc warrior wields a +0 dire flail.
The orc warrior hits you with a +0 dire flail!
* * * LOW HITPOINT WARNING * * *
The orc warrior closely misses you.
You see here a +0 shortbow.
Unknown command.
You closely miss the orc warrior.
The orc warrior hits you with a +0 dire flail.
* * * LOW HITPOINT WARNING * * *
You hit the orc warrior.
The orc warrior is moderately wounded.
The orc warrior closely misses you.
You hit the orc warrior.
The orc warrior is moderately wounded.
The orc warrior hits you with a +0 dire flail!
* * * LOW HITPOINT WARNING * * *
You hit the orc warrior.
The orc warrior is moderately wounded.
The orc warrior hits you with a +0 dire flail!
You die...

#### #########
...##########........
.####.#...............##
..............#...###.#
..../......##.#...# #.#
.##...)$#####.....# #..
#.!.)@# ###^#.# ####
.......o...>....#.#
##....?.(######.#.#
#.##.#..# #.#.# ?..
..#..# #.#.# # #..#...
... #..##.# .. .. .#


You could see an orc warrior.

Vanquished Creatures
  A steam dragon (D:6)
  A black bear (D:5)
  2 centaurs
  An ogre (D:4)
  A phantom (D:4)
  A bullfrog (D:6)
  2 scorpions (D:5)
  3 jellies
  2 hounds (D:6)
  An orc priest (D:6)
  2 iguanas
  A sleepcap (D:7)
  3 orc wizards
  5 adders
  4 gnolls
  11 river rats (D:5)
  2 white imps
  3 ufetubi
  2 worms
  2 dart slugs
  25 orcs
  5 ball pythons
  6 bats
  10 endoplasms
  3 giant cockroaches (D:1)
  14 goblins
  9 hobgoblins
  4 jackals
  3 quokkas
  9 kobolds
  15 rats
153 creatures vanquished.

Vanquished Creatures (others)
  A sky beast (D:7)
1 creature vanquished.

Grand Total: 154 creatures vanquished

Notes
Turn   | Place    | Note
-------+----------+-------------------------------------------
     0 | D:1      | heikuro the Formicid Fighter began the quest for the Orb.
     0 | D:1      | Reached XP level 1. HP: 18/18 MP: 1/1
   147 | D:1      | Reached XP level 2. HP: 23/24 MP: 2/2
   277 | D:1      | Reached XP level 3. HP: 25/29 MP: 3/3
  1159 | D:2      | Reached XP level 4. HP: 33/37 MP: 4/4
  1356 | D:2      | Identified the ring "Xicyvah" {rPois rF- Str+5}
  1567 | D:3      | Found a broken altar of Ashenzari.
  1571 | D:3      | Found a shimmering altar of Xom.
  1572 | D:3      | Found a snail-covered altar of Cheibriados.
  1573 | D:3      | Found a sacrificial altar of Ru.
  1574 | D:3      | Found a glowing silver altar of Zin.
  1575 | D:3      | Found a white marble altar of Elyvilon.
  1578 | D:3      | Found a stormy altar of Qazlal.
  1699 | D:3      | Became a worshipper of Cheibriados the Contemplative
  1765 | D:3      | Got a mumbling book
  2030 | D:3      | Reached * piety under Cheibriados
  2031 | D:3      | Reached XP level 5. HP: 32/42 MP: 5/5
  2638 | D:4      | Reached skill level 1 in Invocations
  2860 | D:4      | Noticed a phantom
  2860 | D:4      | Noticed an ogre
  2865 | D:4      | Killed an ogre
  2866 | D:4      | Reached skill level 5 in Shields
  2866 | D:4      | Reached XP level 6. HP: 48/48 MP: 5/7
  3402 | D:4      | Found a radiant altar of Vehumet.
  3538 | D:4      | Reached XP level 7. HP: 42/55 MP: 8/8
  3662 | D:4      | Found a hazy altar of Hepliaklqana.
  3775 | D:5      | Entered Level 5 of the Dungeon
  3825 | D:5      | Reached ** piety under Cheibriados
  4062 | D:5      | Reached skill level 5 in Armour
  4218 | D:5      | Reached skill level 5 in Axes
  4218 | D:5      | Reached XP level 8. HP: 46/61 MP: 10/10
  4289 | D:5      | Reached skill level 5 in Fighting
  4493 | D:5      | Reached *** piety under Cheibriados
  4772 | D:6      | Found a staircase to the Ecumenical Temple.
  4797 | Temple   | Entered the Ecumenical Temple
  4963 | D:6      | Reached **** piety under Cheibriados
  5411 | D:7      | Reached XP level 9. HP: 24/69 MP: 12/12
  5416 | D:7      | Mangled by an orc warrior

Illustrated notes

Levels and vault maps discovered:
D:1:      dpeg_arrival_subterranean_lakeside_camping, layout_loops_corners
D:2:      layout_basic
D:3:      layout_loops_cross, nicolae_overflow_hallway_of_the_gods
D:4:      layout_loops_corners, lemuel_round_altar,
          nicolae_hepliaklqana_hippocampus
D:5:      corexii_shack_village, layout_cave_pools, dk_rats_in_the_wall
D:6:      layout_gridville, minmay_temple_entry_stoned_glass
D:7:      layout_loops_ring
Temple:   nicolae_temple_ecumenical_triangle

Skill      XL: |  1  2  3  4  5  6  7  8 |
---------------+-------------------------+-----
Axes           | 3 4 5 6 |  6.5
Armour         | 4 5 |  5.9
Invocations    | 1 2 3 4 |  4.4
Fighting       | 4 5 |  5.8
Shields        | 5 6 |  6.9

Action                     |  1- 3 |  4- 6 |  7- 9 || total
---------------------------+-------+-------+-------++-------
  Melee: War axe           |    97 |   119 |   194 ||   410
  Throw: Dart              |     3 |       |       ||     3
    Use: Scroll            |       |     7 |       ||     7
 Armour: Scale mail        |    65 |    62 |   124 ||   251
  Dodge: Dodged            |    54 |    90 |   168 ||   312
  Block: Buckler           |    26 |    28 |    73 ||   127

Table legend: (Time is in decaauts)
 A = Elapsed time spent in this place.
 B = Non-inter-level travel time spent in this place.
 C = Inter-level travel time spent in this place.
 D = Time resting spent in this place.
 E = Time spent auto-exploring this place.
 F = Levels seen in this place.
 G = Mean time per level.
                   A        B        C        D        E       F      G
               +--------+--------+--------+--------+--------+-----+--------+
         Total |   6751 |   6389 |    362 |    357 |   4644 |   8 |  843.9 |
       Dungeon |   6749 |   6387 |    362 |    357 |   4644 |   7 |  964.1 |
        Temple |      1 |      1 |      0 |      0 |      0 |   1 |    1.0 |
               +--------+--------+--------+--------+--------+-----+--------+

Top non-repeatable levels by time:
     D:4: 1558 daAuts
     D:3: 1313 daAuts
     D:5: 1216 daAuts
     D:1: 1058 daAuts
     D:6: 1023 daAuts
     D:2: 518 daAuts
     D:7: 62 daAuts
  Temple: 1 daAuts
